 Dungeon Crawl Stone Soup version 0.30-a0-1164-ge08a67761e (webtiles) character file.

Game seed: 2965511304713659380

30 Jeffwins the Chiller (level 3, 0/27 HPs)
             Began as a Human Wanderer on Apr 29, 2023.
             Slain by a jackal (2 damage)
             ... on level 2 of the Dungeon.
             The game lasted 00:01:54 (897 turns).

Jeffwins the Chiller (Human Wanderer)                Turns: 897, Time: 00:01:54

Health: 0/27       AC:  5    Str: 14    XL:     3   Next: 35%
Magic:  5/5        EV: 10    Int: 15    God:
Gold:   86         SH:  0    Dex:  9    Spells: 1/5 levels left

rFire   . . .        a - +0 quarterstaff
rCold   . . .        (shield currently unavailable)
rNeg    . . .        c - +0 ring mail
rPois   .            (no helmet)
rElec   .            (no cloak)
rCorr   .            (no gloves)
SInv    .            (no boots)
Will    .....        (no amulet)
Stlth   +            (no ring)
HPRegen 0.24/turn    (no ring)
MPRegen 0.09/turn

%: no passive effects
@: no status effects
A: no striking features
a: no special abilities


You were on level 2 of the Dungeon.
You visited 1 branch of the dungeon, and saw 2 of its levels.

You collected 86 gold pieces.


   Skills:
 - Level 2.0 Fighting
 - Level 2.0 Armour
 + Level 0.7 Stealth
 * Level 1.5 Spellcasting
 * Level 1.7 Transmutations
 * Level 0.2 Fire Magic
 - Level 4.0 Ice Magic
 * Level 1.3 Poison Magic


You had one spell level left.
You knew the following spells:

 Your Spells              Type           Power      Damage    Failure   Level
z - Sting                 Tmut/Pois      20%        1d4       24%         1
X - Ignite Poison         Fire/Tmut/Pois 4%         N/A       65%         3

Your spell library contained the following spells:

 Spells                   Type           Power      Damage    Failure   Level
 Freeze                   Ice            52%        1d6       9%          1
 Ice Form                 Ice/Tmut       9%         N/A       80%         4
 Summon Ice Beast         Ice/Summ       7%         N/A       90%         4

Inventory:

Hand Weapons
 a - a +0 quarterstaff (weapon)
Missiles
 f - a throwing net {=f}
Armour
 c - a +0 ring mail (worn)
Magical Staves
 e - a staff of conjuration {!a}
Scrolls
 b - a scroll of fog
 h - 3 scrolls of enchant weapon {unknown}
Potions
 d - a potion of ambrosia {unknown}
 g - a potion of resistance {unknown}

Dungeon Overview and Level Annotations

Branches:
Dungeon (2/15)

Altars:

...... #.... #...#
#...# #### #...#####
..... ##...#....
...... #......8..
...... #.@...88..
......##hh.......
....h..Zh.......#
......Kgg.......# #
...##....######## .# .
#.Sgr########### #...
#....#.g.......# .....
#..............#......
#......r.......'......


You could see 3 gnolls, an adder, an adder zombie, a quokka, 3 jackals and a
kobold.


Message History

The gnoll attacks as you move away! The gnoll closely misses you.
The gnoll attacks as you move away! The gnoll hits you with a +0 club.
The gnoll attacks as you move away! The gnoll barely misses you.
The gnoll attacks as you move away! The gnoll hits you with a +0 whip.
The gnoll attacks as you move away! The gnoll hits you with a +0 club.
* * * LOW HITPOINT WARNING * * *
The gnoll attacks as you move away! The gnoll hits you with a +0 whip!
* * * LOW HITPOINT WARNING * * *
2 jackals come into view.
The jackal barks! x2; You hear a shout!
The gnoll attacks as you move away! The gnoll barely misses you.
An adder zombie and a jackal come into view.
The gnoll attacks as you move away! The gnoll hits you with a +0 whip.
* * * LOW HITPOINT WARNING * * *
A kobold comes into view. It is wielding a +0 club.
The gnoll attacks as you move away! The gnoll hits you with a +0 whip.
* * * LOW HITPOINT WARNING * * *
The jackal bites you.
* * * LOW HITPOINT WARNING * * *
The jackal bites you but does no damage.
A jackal comes into view.
The jackal closely misses you.
The jackal barks!
You hear a shout!
The jackal bites you but does no damage.
The adder zombie closely misses you.
Unknown command.
The jackal attacks as you move away! The jackal barely misses you.
The jackal bites you but does no damage.
The jackal bites you.
You die...

Skill      XL: |  1  2 |
---------------+-------+-----
Poison Magic   | 1 |  1.3
Fighting       | |  2.0
Armour         | |  2.0
Stealth        | |  0.7
Spellcasting   | |  1.5
Transmutations | |  1.7
Fire Magic     | |  0.2
Ice Magic      | |  4.0

Action                     || total
---------------------------++-------
  Melee: Club              ||    40
         Quarterstaff      ||    31
   Cast: Sting             ||    11
    Use: Potion            ||     1
 Armour: Ring mail         ||    42
  Dodge: Dodged            ||    62

Levels and vault maps discovered:
D:1:      matt_arrival_grand_opening, layout_rooms
D:2:      layout_basic, basic_altar, serial_undead, serial_undead_b,
          serial_undead_d, serial_undead_c, serial_undead_c, serial_undead_e,
          serial_undead_f, serial_undead_a

Notes
Turn   | Place    | Note
-------+----------+-------------------------------------------
     0 | D:1      | Jeffwins the Human Wanderer began the quest for the Orb.
     0 | D:1      | Jeffwins set off with the following items: a +0 club, a
                  | scroll of fog, a +0 ring mail; and the following spells
                  | available to memorise: Freeze, Sting, Ignite Poison, Ice
                  | Form, Summon Ice Beast.
     0 | D:1      | Reached XP level 1. HP: 16/16 MP: 2/2
     2 | D:1      | Learned a level 1 spell: Sting
   117 | D:1      | Reached XP level 2. HP: 5/22 MP: 0/3
   417 | D:1      | Reached skill level 1 in Poison Magic
   667 | D:1      | Reached XP level 3. HP: 27/27 MP: 5/5
   671 | D:1      | Learned a level 3 spell: Ignite Poison
   893 | D:2      | HP: 1/27 [gnoll/+0 whip (2)]
   897 | D:2      | Slain by a jackal

Vanquished Creatures
  An adder zombie (D:2)
  A ball python (D:1)
  5 endoplasms
  A giant cockroach (D:1)
  4 goblins (D:1)
  2 hobgoblins (D:1)
  2 jackals (D:1)
  A quokka (D:2)
  A bat (D:2)
  3 frilled lizards (D:1)
  A rat (D:1)
22 creatures vanquished.

Vanquished Creatures (others)
  2 withered plants (D:2)
2 creatures vanquished.

Grand Total: 24 creatures vanquished

Table legend: (Time is in decaauts)
 A = Elapsed time spent in this place.
 B = Non-inter-level travel time spent in this place.
 C = Inter-level travel time spent in this place.
 D = Time resting spent in this place.
 E = Time spent auto-exploring this place.
 F = Levels seen in this place.
 G = Mean time per level.
                   A        B        C        D        E       F      G
               +--------+--------+--------+--------+--------+-----+--------+
         Total |    904 |    883 |     21 |      7 |    565 |   2 |  452.0 |
       Dungeon |    904 |    883 |     21 |      7 |    565 |   2 |  452.0 |
               +--------+--------+--------+--------+--------+-----+--------+

Top non-repeatable levels by time:
     D:1: 737 daAuts
     D:2: 167 daAuts

Table legend:
 A = Non-vault XP
 B = Vault XP
 C = Vault XP percentage of total XP
 D = Non-vault monster count
 E = Vault monster count
 F = Vault count percentage of total count
                 A         B        C        D         E       F
            +---------+---------+-------+---------+---------+-------
      Total |      37 |       6 |  14.0 |      21 |       1 |   4.5
            +---------+---------+-------+---------+---------+-------
        D:1 |      30 |       0 |   0.0 |      17 |       0 |   0.0
        D:2 |       7 |       6 |  46.2 |       4 |       1 |  20.0
            +---------+---------+-------+---------+---------+-------
